 Dungeon Crawl Stone Soup version 0.31-a0-1576-ga3383bade6 (webtiles) character file.

Game seed: 8263010435452306608

86 Flugslaktarn the Apothecary (level 4, -12/27 HPs)
             Began as an Octopode Alchemist on Jan 4, 2024.
             Mangled by an iguana (15 damage)
             ... on level 4 of the Dungeon.
             The game lasted 00:01:24 (532 turns).

Flugslaktarn the Apothecary (Octopode Alchemist)     Turns: 532, Time: 00:01:25

Health: -12/27     AC:  1    Str:  7    XL:     4   Next: 49%
Magic:  6/17       EV: 13    Int: 19    God:
Gold:   35         SH:  0    Dex: 12    Spells: 3/8 levels left

rFire   . . .        (no weapon)
rCold   . . .        (no shield)
rNeg    . . .        (helmet restricted)
rPois   .            (no amulet)
rElec   .            d - ring of magical power
rCorr   .            (no ring)
SInv    .            (no ring)
Will    +....        (no ring)
Stlth   +++          (no ring)
HPRegen 0.24/turn    (no ring)
MPRegen 0.15/turn    (no ring)
                     (no ring)

%: no passive effects
@: attractive, enlightened, flying
A: almost no armour, amphibious, 8 rings, camouflage 1, gelatinous body 1,
(nimble swimmer 1), tentacles
a: no special abilities


You were on level 4 of the Dungeon.
You visited 1 branch of the dungeon, and saw 4 of its levels.

You collected 35 gold pieces.

Inventory:

Jewellery
 d - a ring of magical power (left tentacle)
   (You found it on level 4 of the Dungeon)
Scrolls
 e - a scroll of fog
 r - 3 scrolls of identify
Potions
 c - a potion of attraction


   Skills:
 - Level 2.0 Dodging
 - Level 2.6 Stealth
 + Level 2.9 Spellcasting
 - Level 1.0 Conjurations
 * Level 5.0 Alchemy


You had 3 spell levels left.
You knew the following spells:

 Your Spells              Type           Power      Damage    Failure   Level
a - Sting                 Conj/Alch      56%        1d6       4%          1
b - Olgreb's Toxic Radia  Alch           21%        N/A       19%         4

Your spell library contained the following spells:

 Spells                   Type           Power      Damage    Failure   Level
 Mercury Vapours          Alch/Air       24%        N/A       9%          2
 Mephitic Cloud           Conj/Alch/Air  10%        N/A       21%         3
 Sticky Flame             Fire/Alch      12%        2d5       50%         4


Dungeon Overview and Level Annotations

Branches:
Dungeon (4/15)
 Temple: D:4-7

Altars:
Fedhas
The Shining One

Annotations:
D:3 Terence


Innate Abilities, Weirdness & Mutations

You cannot wear most types of armour.
You are amphibious.
You can wear up to eight rings at the same time.
Your skin changes colour to match your surroundings (Stealth+).
Your rubbery body absorbs attacks. (AC +1, EV +1)
((You are camouflaged when in or above water. (Stealth+)))
You have tentacles for arms and can constrict up to eight enemies at once.


Message History

The sting hits the dart slug.
The dart slug looks even sicker.
The dart slug is almost dead.
You kill the dart slug!
Your Alchemy skill increases to level 5!
There is a stone staircase leading down here.
You climb downwards.
Found an embroidered robe, a pair of gloves and a stone.
There is a stone staircase leading up here.
Found a shiny iron ring.
You see here a +0 robe of willpower.
Found a scroll labelled DAGOUSMACEU.
d - a ring of magical power You feel your magic capacity increase.
d - a ring of magical power (left tentacle)
e - a scroll labelled DAGOUSMACEU An iguana comes into view.
Unknown command.
A kobold comes into view. It is wielding a +0 club.
Found a blossoming altar of Fedhas.
Casting: Sting (safe; 4% risk of failure)
Confirm with . or Enter, or press ? or * to list all spells.
Aiming: Sting (safe; 4% risk of failure)
Press: ? - help, Shift-Dir - straight line, f - iguana
Aim: an iguana (asleep, 100% to hit)
The sting hits the iguana.
The iguana is poisoned.
The iguana is lightly wounded.
The iguana hisses angrily.
Found a leather armour.
Found a stone staircase leading up.
The iguana looks more healthy.
Casting: Sting (safe; 4% risk of failure)
Confirm with . or Enter, or press ? or * to list all spells.
Aiming: Sting (safe; 4% risk of failure)
Press: ? - help, Shift-Dir - straight line, f/p - iguana
Aim: an iguana (heavily wounded, 75% to hit)
The sting hits the iguana but does no damage.
The iguana is poisoned.
The iguana is heavily wounded.
The iguana hisses menacingly.
An iguana comes into view.
The iguana looks more healthy.
The iguana attacks as it pursues you! The iguana closely misses you.
Casting: Sting (safe; 4% risk of failure)
Confirm with . or Enter, or press ? or * to list all spells.
Aiming: Sting (safe; 4% risk of failure)
Press: ? - help, Shift-Dir - straight line, f/p - iguana
Aim: an iguana (severely wounded, 75% to hit)
The sting hits the iguana but does no damage.
The iguana is poisoned.
The iguana bites you!
Casting: Sting (safe; 4% risk of failure)
Confirm with . or Enter, or press ? or * to list all spells.
Aiming: Sting (safe; 4% risk of failure)
Press: ? - help, Shift-Dir - straight line, f/p - iguana
Aim: an iguana (severely wounded, 75% to hit)
The sting hits the iguana.
The iguana looks even sicker.
The iguana is moderately wounded.
The iguana attacks as it pursues you! The iguana bites you!
* * * LOW HITPOINT WARNING * * *
Casting: Sting (safe; 4% risk of failure)
Confirm with . or Enter, or press ? or * to list all spells.
Aiming: Sting (safe; 4% risk of failure)
Press: ? - help, Shift-Dir - straight line, f - iguana
Aim: an iguana (moderately wounded, very poisoned, 75% to hit)
The sting hits the iguana but does no damage.
The iguana looks even sicker.
The iguana is moderately wounded.
The iguana bites you.
* * * LOW HITPOINT WARNING * * *
It was a potion of attraction.
You feel attractive to monsters.
The iguana bites you but does no damage.
Unknown command.
As you read the scroll labelled LAQOEX JOKI, it crumbles to dust.
It is a scroll of identify.
e - a scroll of fog;
r - 3 scrolls of identify The iguana barely misses you.
It was a potion of enlightenment.
You feel very buoyant.
You fly up into the air.
The iguana is attracted toward you.
Unknown command.
The iguana attacks as it pursues you! The iguana barely misses you.
Casting: Sting (safe; 4% risk of failure)
Confirm with . or Enter, or press ? or * to list all spells.
Aiming: Sting (safe; 4% risk of failure)
Press: ? - help, Shift-Dir - straight line, f/p - iguana
Aim: an iguana (almost dead, very poisoned, 75% to hit)
The sting hits the iguana but does no damage.
The iguana is poisoned.
The iguana is severely wounded.
The iguana closely misses you.
Casting: Sting (safe; 4% risk of failure)
Confirm with . or Enter, or press ? or * to list all spells.
Aiming: Sting (safe; 4% risk of failure)
Press: ? - help, Shift-Dir - straight line, f/p - iguana
Aim: an iguana (almost dead, very poisoned, 75% to hit)
The sting hits the iguana but does no damage.
The iguana looks even sicker.
The iguana is severely wounded.
The iguana bites you!
Ouch! That really hurt!
You die...

........##.# #....
8..8#...[.[#####.#.# #
....##...##...<..#.#.####
....K##..##..............
$$$$# #..........###..#
#####
#...............##.# ...
+..#......##ยง......# _..
#..#.####.##.##.####
#..(.# #.@ll...# #....#
####.#### #.[<.# #.#
...... #.# #.# ..# ###


You could see 2 iguanas.

Vanquished Creatures
  A scorpion (D:2)
  An adder (D:3)
  A dart slug (D:3)
  2 endoplasms (D:2)
  A giant cockroach (D:2)
  2 goblins
  A hobgoblin (D:2)
  3 ball pythons
  A bat (D:1)
  A rat (D:2)
14 creatures vanquished.

Notes
Turn   | Place    | Note
-------+----------+-------------------------------------------
     0 | D:1      | Flugslaktarn the Octopode Alchemist began the quest for the
                  | Orb.
     0 | D:1      | Reached XP level 1. HP: 11/11 MP: 3/3
   162 | D:3      | Noticed Terence
   175 | D:3      | Reached XP level 2. HP: 2/17 MP: 1/5
   226 | D:2      | Reached skill level 4 in Alchemy
   298 | D:2      | Noticed a scorpion
   306 | D:2      | Killed a scorpion
   307 | D:2      | Reached XP level 3. HP: 21/21 MP: 1/7
   307 | D:2      | Reached XP level 4. HP: 27/27 MP: 1/8
   342 | D:3      | Learned a level 4 spell: Olgreb's Toxic Radiance
   404 | D:3      | Found a glowing golden altar of the Shining One.
   477 | D:3      | Reached skill level 5 in Alchemy
   504 | D:4      | Found a blossoming altar of Fedhas.
   526 | D:4      | HP: 1/27 [iguana (2)]
   532 | D:4      | Mangled by an iguana

Illustrated notes

Levels and vault maps discovered:
D:1:      dpeg_arrival_lava_altar, layout_basic, chequers_serial_rivers_micro_d
D:2:      layout_basic
D:3:      layout_basic, tso_altar, uniq_terence
D:4:      layout_loops_cross, riverfiend_overflow_shadow_ancestor,
          grunt_qazlal_clouds, nicolae_vehumet_radiance, jmf_multi_god_temple,
          nicolae_shop_sticking_my_neck_out

Skill      XL: |  1  2  3  4 |
---------------+-------------+-----
Alchemy        | 4 5 |  5.0
Dodging        | |  2.0
Stealth        | |  2.6
Spellcasting   | |  2.9
Conjurations   | |  1.0

Action                     |  1- 3 |  4- 6 || total
---------------------------+-------+-------++-------
  Melee: Unarmed           |     8 |       ||     8
         Constrict         |     1 |       ||     1
         Tentacles         |     1 |       ||     1
   Cast: Sting             |    20 |    11 ||    31
    Use: Potion            |     1 |     2 ||     3
         Scroll            |       |     1 ||     1
 Armour: Skin              |     9 |     5 ||    14
  Dodge: Dodged            |    16 |     5 ||    21

Table legend: (Time is in decaauts)
 A = Elapsed time spent in this place.
 B = Non-inter-level travel time spent in this place.
 C = Inter-level travel time spent in this place.
 D = Time resting spent in this place.
 E = Time spent auto-exploring this place.
 F = Levels seen in this place.
 G = Mean time per level.
                   A        B        C        D        E       F      G
               +--------+--------+--------+--------+--------+-----+--------+
         Total |    531 |    508 |     23 |      0 |    239 |   4 |  132.8 |
       Dungeon |    531 |    508 |     23 |      0 |    239 |   4 |  132.8 |
               +--------+--------+--------+--------+--------+-----+--------+

Top non-repeatable levels by time:
     D:2: 232 daAuts
     D:3: 162 daAuts
     D:1: 84 daAuts
     D:4: 51 daAuts
